MID
DELMARVA SHOREBIRDS @ CHARLESTON RIVERDOGS
08/15/2047
 
TOP OF THE 1ST
Delmarva Shorebirds batting - Pitching for Charleston RiverDogs : RHP Austin Trzcinski
Pitching: RHP Austin Trzcinski
Batting: LHB Shane Free 0-0: Ball
1-0: Called Strike
1-1: Ground out 4-3 (Groundball, 4M, EV 109.4 MPH)
Batting: RHB Ben Sutton 0-0: Ball
1-0: Ball
2-0: Ball
3-0: Called Strike
3-1: Foul Ball, location: 2F
3-2: Base on Balls
Batting: LHB Tomas de Zeeuw 0-0: Ball
Ben Sutton steals 2nd base
1-0: TRIPLE (Line Drive, 9LD, EV 105.6 MPH)
Ben Sutton scores
Batting: SHB Jorge Brito 0-0: Ball
1-0: Ball
2-0: Foul Ball, location: 2F
Balk!
Tomas de Zeeuw scores
2-1: Foul Ball, location: 2F
2-2: Strikes out swinging
Batting: RHB Jeremy Sipe 0-0: Ball
1-0: Swinging Strike
1-1: Ball
2-1: Swinging Strike
2-2: Fly out, F8 (Flyball, 8LXD, EV 90.0 MPH)
Top of the 1st over - 2 runs, 1 hit, 0 errors, 0 left on base; Delmarva 2 - Charleston 0
BOTTOM OF THE 1ST
Charleston RiverDogs batting - Pitching for Delmarva Shorebirds : LHP Jason Williams
Pitching: LHP Jason Williams
Batting: LHB Justin O'Neal 0-0: Ball
1-0: Foul Ball, location: 2F
1-1: Called Strike
1-2: Ball
2-2: Ball
3-2: DOUBLE (Line Drive, 9LM, EV 100.0 MPH)
Batting: RHB Iften Olujimi 0-0: Foul Ball, location: 2F
0-1: Ball
1-1: Swinging Strike
1-2: Ball
2-2: Foul Ball, location: 2F
2-2: Foul Ball, location: 2F
2-2: Fly out, F8 (Line Drive, 8RM, EV 92.5 MPH)
Batting: RHB Bryan Westray 0-0: Called Strike
0-1: Foul Ball, location: 2F
0-2: Ball
1-2: Strikes out looking
Batting: RHB Bill Nguyen-Tan 0-0: Foul Ball, location: 2F
0-1: Fly out, F8 (Flyball, 8RM, EV 86.9 MPH)
Bottom of the 1st over - 0 runs, 1 hit, 0 errors, 1 left on base; Delmarva 2 - Charleston 0
TOP OF THE 2ND
Delmarva Shorebirds batting - Pitching for Charleston RiverDogs : RHP Austin Trzcinski
Batting: RHB Dave Perron 0-0: Foul Ball, location: 2F
0-1: Called Strike
0-2: Ball
1-2: Strikes out swinging
Batting: LHB Eric Jackson 0-0: Ball
1-0: Ball
2-0: Ball
3-0: Called Strike
3-1: Base on Balls
Batting: SHB Jared Boyce 0-0: Ball
Eric Jackson steals 2nd base (no throw)
1-0: Ball
2-0: Called Strike
2-1: Foul Ball, location: 2F
2-2: Foul Ball, location: 2F
2-2: Ball
3-2: Base on Balls
Batting: RHB Lee Deason 0-0: Called Strike
0-1: Foul Ball, location: 2F
0-2: Foul Ball, location: 2F
0-2: Foul Ball, location: 2F
0-2: Ball
1-2: Ball
2-2: Foul Ball, location: 2F
2-2: Strikes out swinging
Batting: LHB Shane Free 0-0: Called Strike
0-1: Swinging Strike
0-2: Foul Ball, location: 2F
0-2: Foul Ball, location: 2F
0-2: Ground out U3 (Groundball, 3S, EV 85.0 MPH)
Top of the 2nd over - 0 runs, 0 hits, 0 errors, 2 left on base; Delmarva 2 - Charleston 0
BOTTOM OF THE 2ND
Charleston RiverDogs batting - Pitching for Delmarva Shorebirds : LHP Jason Williams
Batting: RHB Alfredo Rodriguez 0-0: Ball
1-0: Called Strike
1-1: Ground out 6-3 (Groundball, 6, EV 87.5 MPH)
Batting: LHB Marc Durgin 0-0: Ball
1-0: Called Strike
1-1: Swinging Strike
1-2: Strikes out swinging
Batting: RHB John Sprenkel 0-0: Fly out, F8 (Flyball, 89D, EV 105.6 MPH)
Bottom of the 2nd over - 0 runs, 0 hits, 0 errors, 0 left on base; Delmarva 2 - Charleston 0
TOP OF THE 3RD
Delmarva Shorebirds batting - Pitching for Charleston RiverDogs : RHP Austin Trzcinski
Batting: RHB Ben Sutton 0-0: Fly out, F9 (Flyball, 9D, EV 84.4 MPH)
Batting: LHB Tomas de Zeeuw 0-0: Ball
1-0: Called Strike
1-1: Fly out, F8 (Flyball, 8LM, EV 85.0 MPH)
Batting: SHB Jorge Brito 0-0: Ball
1-0: SOLO HOME RUN (Flyball, 89XD, EV 108.1 MPH), Distance : 428 ft
Batting: RHB Jeremy Sipe 0-0: Ball
1-0: Swinging Strike
1-1: Called Strike
1-2: Strikes out looking
Top of the 3rd over - 1 run, 1 hit, 0 errors, 0 left on base; Delmarva 3 - Charleston 0
BOTTOM OF THE 3RD
Charleston RiverDogs batting - Pitching for Delmarva Shorebirds : LHP Jason Williams
Batting: LHB Dale Anderson 0-0: Ball
1-0: Foul Ball, location: 2F
1-1: Swinging Strike
1-2: Fly out, F2 (Popup, 25F, EV 79.4 MPH)
Batting: SHB Houston Phillips 0-0: Ball
1-0: Ball
2-0: Ball
3-0: Called Strike
3-1: Foul Ball, location: 2F
3-2: Base on Balls
Batting: LHB Justin O'Neal 0-0: Foul Ball, location: 2F
0-1: Ball
1-1: Ball
2-1: SINGLE (Groundball, 4MS, EV 69.4 MPH) (infield hit)
Houston Phillips to second
Batting: RHB Iften Olujimi 0-0: Ground out 5-3 (Groundball, 56S, EV 74.4 MPH)
Houston Phillips to third
Justin O'Neal to second
Batting: RHB Bryan Westray 0-0: Ball
1-0: Swinging Strike
1-1: Called Strike
1-2: Strikes out swinging
Bottom of the 3rd over - 0 runs, 1 hit, 0 errors, 2 left on base; Delmarva 3 - Charleston 0
TOP OF THE 4TH
Delmarva Shorebirds batting - Pitching for Charleston RiverDogs : RHP Austin Trzcinski
Batting: RHB Dave Perron 0-0: Ball
1-0: Ball
2-0: Called Strike
2-1: Foul Ball, location: 2F
2-2: Strikes out swinging
Batting: LHB Eric Jackson 0-0: Foul Ball, location: 2F
0-1: Ground out 5-3 (Groundball, 5, EV 108.1 MPH)
Batting: SHB Jared Boyce 0-0: SINGLE (Line Drive, 34D, EV 98.1 MPH)
Batting: RHB Lee Deason 0-0: Ball
1-0: Ball
2-0: Ball
3-0: Called Strike
3-1: Base on Balls
Jared Boyce to second
Batting: LHB Shane Free 0-0: Foul Ball, location: 2F
0-1: Ball
1-1: Fielders Choice at 2nd, 5-4 (Groundball, 56, EV 80.6 MPH)
Top of the 4th over - 0 runs, 1 hit, 0 errors, 2 left on base; Delmarva 3 - Charleston 0
BOTTOM OF THE 4TH
Charleston RiverDogs batting - Pitching for Delmarva Shorebirds : LHP Jason Williams
Batting: RHB Bill Nguyen-Tan 0-0: TRIPLE (Flyball, 89XD, EV 111.2 MPH)
Batting: RHB Alfredo Rodriguez 0-0: Fly out, F7 (Line Drive, 7S, EV 100.0 MPH)
Batting: LHB Marc Durgin 0-0: Swinging Strike
0-1: Foul Ball, location: 2F
Balk!
Bill Nguyen-Tan scores
0-2: Foul Ball, location: 2F
0-2: Ball
1-2: Fly out, F6 (Popup, 6MS, EV 59.4 MPH)
Batting: RHB John Sprenkel 0-0: Called Strike
0-1: Called Strike
0-2: Foul Ball, location: 2F
0-2: Ground out 3-1 (Groundball, 34, EV 79.4 MPH)
Bottom of the 4th over - 1 run, 1 hit, 0 errors, 0 left on base; Delmarva 3 - Charleston 1
TOP OF THE 5TH
Delmarva Shorebirds batting - Pitching for Charleston RiverDogs : RHP Austin Trzcinski
Batting: RHB Ben Sutton 0-0: Ball
1-0: Called Strike
1-1: Foul Ball, location: 2F
1-2: Foul Ball, location: 2F
1-2: Ground out 6-3 (Groundball, 6, EV 100.6 MPH)
Batting: LHB Tomas de Zeeuw 0-0: Called Strike
0-1: Fly out, F7 (Flyball, 78XD, EV 90.6 MPH)
Batting: SHB Jorge Brito 0-0: Ball
1-0: SINGLE (Flyball, 5D, EV 83.1 MPH)
Batting: RHB Jeremy Sipe 0-0: Ball
1-0: Foul Ball, location: 2F
1-1: Ball
2-1: Ball
3-1: Called Strike
3-2: Foul Ball, location: 2F
3-2: Base on Balls
Jorge Brito to second
Batting: RHB Dave Perron 0-0: Hit by Pitch
Jorge Brito to third
Jeremy Sipe to second
Batting: LHB Eric Jackson 0-0: Foul Ball, location: 2F
0-1: Swinging Strike
0-2: SINGLE (Line Drive, 8RS, EV 104.4 MPH)
Jorge Brito scores
Jeremy Sipe to third
Dave Perron to second
Runner from 3rd tries for Home, SAFE, throw by CF to home
Pitching: RHP Michel van Kampen
Batting: SHB Jared Boyce 0-0: Swinging Strike
0-1: Foul Ball, location: 2F
0-2: Ball
1-2: Ball
2-2: Foul Ball, location: 2F
2-2: Foul Ball, location: 2F
2-2: Ball
3-2: Foul Ball, location: 2F
3-2: Ground out 6-3 (Groundball, P, EV 88.8 MPH)
Top of the 5th over - 2 runs, 2 hits, 0 errors, 2 left on base; Delmarva 5 - Charleston 1
BOTTOM OF THE 5TH
Charleston RiverDogs batting - Pitching for Delmarva Shorebirds : LHP Jason Williams
Batting: LHB Dale Anderson 0-0: Ball
1-0: Called Strike
1-1: Called Strike
1-2: Strikes out swinging
Batting: SHB Houston Phillips 0-0: Swinging Strike
0-1: Swinging Strike
0-2: Fly out, F8 (Flyball, 78D, EV 89.4 MPH)
Batting: LHB Justin O'Neal 0-0: Ball
1-0: Foul Ball, location: 2F
1-1: Swinging Strike
1-2: Strikes out looking
Bottom of the 5th over - 0 runs, 0 hits, 0 errors, 0 left on base; Delmarva 5 - Charleston 1
TOP OF THE 6TH
Delmarva Shorebirds batting - Pitching for Charleston RiverDogs : RHP Michel van Kampen
Batting: RHB Lee Deason 0-0: Ball
1-0: Swinging Strike
1-1: Called Strike
1-2: Ball
2-2: Strikes out looking
Batting: LHB Shane Free 0-0: Ground out 1-3 (Groundball, 13, EV 63.8 MPH)
Batting: RHB Ben Sutton 0-0: Swinging Strike
0-1: Foul Ball, location: 2F
0-2: Foul Ball, location: 2F
0-2: Hit by Pitch
Batting: LHB Tomas de Zeeuw 0-0: Ball
1-0: SINGLE (Groundball, 6S, EV 68.1 MPH) (infield hit)
Ben Sutton to second
Batting: SHB Jorge Brito 0-0: Ball
1-0: Ball
2-0: Called Strike
2-1: Swinging Strike
2-2: Strikes out looking
Top of the 6th over - 0 runs, 1 hit, 0 errors, 2 left on base; Delmarva 5 - Charleston 1
BOTTOM OF THE 6TH
Charleston RiverDogs batting - Pitching for Delmarva Shorebirds : LHP Jason Williams
Batting: RHB Iften Olujimi 0-0: Fly out, F6 (Flyball, 56D, EV 91.2 MPH)
Batting: RHB Bryan Westray 0-0: Ball
1-0: Ball
2-0: Called Strike
2-1: SINGLE (Groundball, 5D, EV 95.0 MPH)
Batting: RHB Bill Nguyen-Tan 0-0: Foul Ball, location: 2F
0-1: Ball
1-1: Fly out, F7 (Line Drive, 78M, EV 91.2 MPH)
Batting: RHB Alfredo Rodriguez 0-0: Called Strike
Bryan Westray is caught stealing 2nd base 2-4
Bottom of the 6th over - 0 runs, 1 hit, 0 errors, 0 left on base; Delmarva 5 - Charleston 1
TOP OF THE 7TH
Delmarva Shorebirds batting - Pitching for Charleston RiverDogs : RHP Michel van Kampen
Batting: RHB Jeremy Sipe 0-0: Ball
1-0: Ball
2-0: Ground out 6-3 (Groundball, P, EV 88.1 MPH)
Batting: RHB Dave Perron 0-0: Ball
1-0: Called Strike
1-1: Called Strike
1-2: Foul Ball, location: 2F
1-2: Foul Ball, location: 2F
1-2: Strikes out looking
Batting: LHB Eric Jackson 0-0: Ball
1-0: Ball
2-0: Ball
3-0: Called Strike
3-1: Base on Balls
Batting: SHB Jared Boyce 0-0: Foul Ball, location: 2F
0-1: Ball
Eric Jackson steals 2nd base
1-1: Intentional Walk
Batting: RHB Lee Deason 0-0: Called Strike
0-1: Foul Ball, location: 2F
0-2: Strikes out swinging
Top of the 7th over - 0 runs, 0 hits, 0 errors, 2 left on base; Delmarva 5 - Charleston 1
BOTTOM OF THE 7TH
Charleston RiverDogs batting - Pitching for Delmarva Shorebirds : LHP Jason Williams
Now in LF: Antonio Gamez
Batting: RHB Alfredo Rodriguez 0-0: Ball
1-0: Ball
2-0: SINGLE (Groundball, 56D, EV 95.0 MPH)
Batting: LHB Marc Durgin 0-0: Bunted foul
0-1: Bunted foul
0-2: Ball
1-2: Ball
2-2: Fielders Choice at 2nd, 6-4 (Groundball, 6, EV 82.5 MPH)
Batting: RHB John Sprenkel 0-0: Fly out, F9 (Flyball, 89D, EV 81.9 MPH)
Batting: LHB Dale Anderson 0-0: Ball
1-0: Foul Ball, location: 2F
1-1: Called Strike
1-2: Foul Ball, location: 2F
1-2: Foul Ball, location: 2F
1-2: Strikes out swinging
Bottom of the 7th over - 0 runs, 1 hit, 0 errors, 1 left on base; Delmarva 5 - Charleston 1
TOP OF THE 8TH
Delmarva Shorebirds batting - Pitching for Charleston RiverDogs : RHP Michel van Kampen
Pitching: LHP Alex Pulido
Batting: LHB Shane Free 0-0: Foul Ball, location: 2F
0-1: Ball
1-1: Ball
2-1: Foul Ball, location: 2F
2-2: Foul Ball, location: 2F
2-2: Foul Ball, location: 2F
2-2: Ball
3-2: Foul Ball, location: 2F
3-2: Foul Ball, location: 2F
3-2: Foul Ball, location: 2F
3-2: Hit by Pitch
Batting: RHB Ben Sutton 0-0: Bunt missed!
0-1: Called Strike
Shane Free steals 2nd base
0-2: Foul Ball, location: 2F
0-2: Ball
1-2: Ground out U3 (Groundball, 3, EV 88.8 MPH)
Shane Free to third
Batting: LHB Tomas de Zeeuw 0-0: Intentional Walk
Batting: SHB Jorge Brito 0-0: Ball
1-0: Called Strike
1-1: Ball
2-1: Ball
Tomas de Zeeuw steals 2nd base
3-1: Reached via error on a dropped throw from 2B, E3 (Groundball, 4, EV 84.4 MPH)
Shane Free scores
Tomas de Zeeuw to third
Batting: RHB Jeremy Sipe 0-0: Called Strike
0-1: Foul Ball, location: 2F
0-2: Ball
1-2: Foul Ball, location: 2F
1-2: Strikes out swinging
Batting: RHB Antonio Gamez 0-0: Ball
1-0: Ball
2-0: Ground out 4-3 (Groundball, 4, EV 88.8 MPH)
Top of the 8th over - 1 run, 0 hits, 1 error, 2 left on base; Delmarva 6 - Charleston 1
BOTTOM OF THE 8TH
Charleston RiverDogs batting - Pitching for Delmarva Shorebirds : LHP Jason Williams
Pitching: RHP Michito Ito
Batting: SHB Houston Phillips 0-0: Foul Ball, location: 2F
0-1: Swinging Strike
0-2: Ball
1-2: Ball
2-2: Foul Ball, location: 2F
2-2: Foul Ball, location: 2F
2-2: Strikes out swinging
Batting: LHB Justin O'Neal 0-0: Called Strike
0-1: Foul Ball, location: 2F
0-2: Ball
1-2: Foul Ball, location: 2F
1-2: Ball
2-2: SINGLE (Groundball, 6S, EV 75.0 MPH) (infield hit)
Batting: RHB Iften Olujimi 0-0: Ball
1-0: SINGLE (Line Drive, 7LS, EV 91.9 MPH)
Justin O'Neal to second
Batting: RHB Bryan Westray 0-0: Swinging Strike
0-1: Ball
1-1: Ball
2-1: Swinging Strike
2-2: Strikes out swinging
Pinch Hitting: LHB Sean Trueblood 0-0: Ground out 1-3 (Groundball, 13S, EV 74.4 MPH)
Bottom of the 8th over - 0 runs, 2 hits, 0 errors, 2 left on base; Delmarva 6 - Charleston 1
TOP OF THE 9TH
Delmarva Shorebirds batting - Pitching for Charleston RiverDogs : LHP Alex Pulido
Now at 1B: Sean Trueblood
Now in RF: Bryan Westray
Batting: LHB Eric Jackson 0-0: Fly out, F7 (Flyball, 78D, EV 95.0 MPH)
Batting: SHB Jared Boyce 0-0: Fly out, F8 (Flyball, 8LS, EV 84.4 MPH)
Batting: RHB Lee Deason 0-0: Called Strike
0-1: Swinging Strike
0-2: Fly out, F9 (Flyball, 89S, EV 75.6 MPH)
Top of the 9th over - 0 runs, 0 hits, 0 errors, 0 left on base; Delmarva 6 - Charleston 1
BOTTOM OF THE 9TH
Charleston RiverDogs batting - Pitching for Delmarva Shorebirds : RHP Michito Ito
Batting: RHB Alfredo Rodriguez 0-0: Foul Ball, location: 2F
0-1: Swinging Strike
0-2: Strikes out swinging
Batting: LHB Marc Durgin 0-0: Called Strike
0-1: Ground out U3 (Groundball, 13, EV 85.6 MPH)
Batting: RHB John Sprenkel 0-0: Foul Ball, location: 2F
0-1: Swinging Strike
0-2: Ground out 4-3 (Groundball, 4, EV 85.0 MPH)
Bottom of the 9th over - 0 runs, 0 hits, 0 errors, 0 left on base; Delmarva 6 - Charleston 1
Thursday, December 15th , 2022 - OOTP Baseball 23.9 Build 102